 Dungeon Crawl Stone Soup version 0.31-a0-345-g1ebeae05c6 (webtiles) character file.

Game seed: 12554827259843079681

86 hashsling the Grasshopper (level 4, 0/34 HPs)
             Began as a Human Warper on July 22, 2023.
             Was an Initiate of Gozag.
             Slain by an iguana (6 damage)
             ... on level 3 of the Dungeon on July 23, 2023.
             The game lasted 00:20:19 (1241 turns).

hashsling the Grasshopper (Human Warper)            Turns: 1241, Time: 00:20:19

Health: 0/34       AC: 10    Str: 13    XL:     4   Next: 77%
Magic:  7/7        EV:  7    Int: 13    God:    Gozag
Gold:   125        SH:  0    Dex: 13    Spells: 7/7 levels left

rFire   . . .        a - +0 spear
rCold   . . .        (no shield)
rNeg    . . .        k - +0 chain mail
rPois   .            (no helmet)
rElec   .            j - +0 cloak
rCorr   .            (no gloves)
SInv    .            h - +0 pair of boots
Will    +....        (no amulet) Stlth
                     (no ring)
HPRegen 0.25/turn    (no ring)
MPRegen 0.10/turn

%: no passive effects
@: brilliant, enlightened, flying
A: no striking features
a: Renounce Religion, Potion Petition, Call Merchant, Bribe Branch


You were on level 3 of the Dungeon.
You worshipped Gozag.
Gozag was aware of your devotion.
You visited 1 branch of the dungeon, and saw 3 of its levels.

You collected 225 gold pieces.
You spent 100 gold pieces at shops.

Inventory:

Hand Weapons
 a - a +0 spear (weapon)
Armour
 b - a +1 leather armour of cold resistance
 h - a +0 pair of boots (worn)
 j - a +0 cloak (worn)
 k - a +0 chain mail (worn)
Scrolls
 c - a scroll of blinking
 e - 2 scrolls of identify {unknown}
 g - 2 scrolls of amnesia {unknown}
 l - a scroll of summoning {unknown}
Potions
 f - a potion of brilliance


   Skills:
 * Level 2.7 Fighting
 * Level 2.6 Polearms
 - Level 1.0 Throwing
 * Level 1.9 Armour
 * Level 2.7 Dodging
 + Level 2.1 Spellcasting
 + Level 3.2 Translocations


You had 7 spell levels left.
You didn't know any spells.
Your spell library contained the following spells:

 Spells                   Type           Power      Damage    Failure   Level
 Blink                    Tloc           28%        N/A       91%         2
 Lesser Beckoning         Tloc           28%        N/A       91%         2
 Teleport Other           Tloc           14%        N/A       99%         3
 Vhi's Electric Charge    Tloc/Air       16%        N/A       100%        3
 Manifold Assault         Tloc           14%        N/A       100%        4


Dungeon Overview and Level Annotations

Branches:
Dungeon (2/15)

Altars:
Gozag

Shops:
D:1 [*((*

Annotations:
D:2 1 runed translucent door, Crazy Yiuf, Natasha


Message History

The iguana bites you!
You hit the iguana.
The iguana is moderately wounded.
The iguana bites you!
You are too injured to fight recklessly!
You are too injured to fight recklessly!
You are too injured to fight recklessly!
You are too injured to fight recklessly!
You are too injured to fight recklessly!
You barely miss the iguana.
The iguana is moderately wounded.
The iguana bites you.
You barely miss the iguana.
The iguana is moderately wounded.
The iguana bites you.
You barely miss the iguana.
The iguana is moderately wounded.
The iguana bites you.
You barely miss the iguana.
The iguana is moderately wounded.
The iguana bites you.
* * * LOW HITPOINT WARNING * * *
You completely miss the iguana.
The iguana is moderately wounded.
The iguana bites you.
* * * LOW HITPOINT WARNING * * *
The iguana attacks as you move away! The iguana bites you.
* * * LOW HITPOINT WARNING * * *
It was a potion of brilliance.
You feel clever all of a sudden. The iguana closely misses you.
It was a potion of enlightenment.
You feel very buoyant.
You fly up into the air.
The iguana bites you.
* * * LOW HITPOINT WARNING * * *
You hit the iguana but do no damage.
The iguana is moderately wounded.
The iguana bites you.
You die...
Your body crumbles into a pile of gold.

#.....# #....# ##
#####.# #.##.### # ..
#.####...#.# #.#.
#######.......##.#
.............###..##.#
#..##.#####.# #..##.#
#.....# #.# #.....#
#....#####.####.####
#....l@....##...#
#....########.###
......### #.# ##....
#.# #.... ..# #....
#### ###.#


You could see an iguana.

Vanquished Creatures
  Jessica (D:2)
  Natasha (D:2)
  A worm (D:2)
  An endoplasm (D:1)
  2 giant cockroaches (D:1)
  3 goblins
  3 hobgoblins (D:1)
  4 quokkas
  3 ball pythons
  4 bats
  2 frilled lizards (D:1)
  3 kobolds
  7 rats
35 creatures vanquished.

Notes
Turn   | Place    | Note
-------+----------+-------------------------------------------
     0 | D:1      | hashsling the Human Warper began the quest for the Orb.
     0 | D:1      | Reached XP level 1. HP: 16/16 MP: 3/3
    63 | D:1      | Found Atoh's Antique Weapon Shoppe.
   154 | D:1      | Reached XP level 2. HP: 20/22 MP: 5/5
   194 | D:1      | Found Calinke's General Store.
   247 | D:1      | Found a faded altar of an unknown god.
   261 | D:1      | Prayed at the altar of an unknown god.
   261 | D:1      | Became a worshipper of Gozag Ym Sagoz the Greedy
   264 | D:1      | Found Qauprul's Weapon Emporium.
   266 | D:1      | Found Zamuga's General Store.
   497 | D:1      | Reached XP level 3. HP: 28/28 MP: 6/6
   549 | D:1      | Found Qothra Zyote's Antique Armour Shop.
   557 | D:1      | Bought a runed leather armour for 100 gold pieces
   702 | D:2      | Noticed Jessica
   713 | D:2      | Killed Jessica
   760 | D:2      | Reached XP level 4. HP: 34/34 MP: 7/7
   859 | D:2      | Found a runed translucent door.
   860 | D:2      | Noticed Crazy Yiuf
   992 | D:2      | Noticed Natasha
  1014 | D:2      | Killed Natasha
  1146 | D:2      | Noticed Natasha
  1154 | D:2      | You fall into a shaft and drop 1 floor!
  1241 | D:3      | Slain by an iguana

Illustrated notes

Levels and vault maps discovered:
D:1:      dpeg_arrival_houses_and_road, layout_rooms, serial_shops, shop, shop,
          nicolae_shop_trees, nicolae_shop_competitors_out_of_business, shop,
          ebering_ecumenical_altar_hall
D:2:      layout_basic, uniq_crazy_yiuf_cottage, uniq_natasha, uniq_jessica
D:3:      layout_basic, nicolae_elevator_lobby_plus, uniq_sigmund

Action                     |  1- 3 |  4- 6 || total
---------------------------+-------+-------++-------
  Melee: Spear             |    87 |    71 ||   158
         Punch             |     1 |     1 ||     2
  Throw: Stone             |     7 |       ||     7
         Boomerang         |     1 |     6 ||     7
         Throwing net      |     1 |     1 ||     2
    Use: Potion            |       |     2 ||     2
 Armour: Leather armour    |    17 |       ||    17
         Chain mail        |    14 |    33 ||    47
  Dodge: Dodged            |    27 |    21 ||    48

Table legend: (Time is in decaauts)
 A = Elapsed time spent in this place.
 B = Non-inter-level travel time spent in this place.
 C = Inter-level travel time spent in this place.
 D = Time resting spent in this place.
 E = Time spent auto-exploring this place.
 F = Levels seen in this place.
 G = Mean time per level.
                   A        B        C        D        E       F      G
               +--------+--------+--------+--------+--------+-----+--------+
         Total |   1257 |   1241 |     16 |      0 |    600 |   3 |  419.0 |
       Dungeon |   1257 |   1241 |     16 |      0 |    600 |   3 |  419.0 |
               +--------+--------+--------+--------+--------+-----+--------+

Top non-repeatable levels by time:
     D:1: 700 daAuts
     D:2: 470 daAuts
     D:3: 86 daAuts
